Description

1.时间点为红点来到地图上的时间,部队还有15-30s的集结时间,加上集结时间则为红点显示的时间。 2.神庙B型,相较A型多一个撕裂者,右上红点以空运为主。 3.3:10秒报第一个红点 详细信息:https://bbs.nga.cn/read.php?tid=17265336&forder_by=postdatedesc&rand=273

Build Order

Get SALT Encoding   

  1  3:00  Action 左下  
  1  4:10  Action 左下  
  1  6:00  Action 左下  
  1  6:45  Action 左下  
  1  7:30  Action 左下  
  2  8:15  Action 左下撕裂者  
  3  9:00  Action 左上/右下  
  3  10:00  Action 左上+右下  
  3  11:00  Action 右下/左上  
  4  12:00  Action 左下  
  4  12:30  Action 左下  
  4  13:35  Action 右下  
  5  13:45  Action 右下撕裂者  
  6  15:00  Action 右上空投  
  6  15:30  Action 右上空投  
  7  15:45  Action 左上撕裂者  
  7  16:35  Action 右上空混  
  7  16:55  Action 右上空混  
  8  18:00  Action 左上/左下混合体  
  8  18:15  Action 右下/左下混合体  
  9  19:15  Action 右上  
  10  20:00  Action 左下撕裂者+红点  
  11  20:20  Action 右上空混  
  11  20:40  Action 右上空混  
  12  22:30  Action 左上右下撕裂者+红点  
  12  23:30  Action 左上混合体  
  12  23:40  Action 右下混合体  
  12  24:40  Action 左上+左下+右上  
Spawning Tool Build Advisor. Get it on Overwolf

Go to:

Details

  • Created by: DCpro
  • Published on: Aug 05, 2021
  • Modified on: Aug 15, 2021
  • Patch: 4.11.0
  • Difficulty: Medium
Show
View Real Time Build Order
Export as new Build Order

Comments (0)

There are no comments. Be the first!

Create an account to comment!